 Dungeon Crawl Stone Soup version 0.31-a0-664-g902f515 (webtiles) character file.

Game seed: 10739889983653038795

12318 Rogue the Covert (level 11, 0/56 HPs)
             Began as a Spriggan Enchanter on Sept 2, 2023.
             Was an Elder of Dithmenos.
             Slain by a hell knight
             ... wielding a +5 demon trident of distortion
              (21 damage)
             ... on level 10 of the Dungeon.
             The game lasted 01:34:04 (12845 turns).

Rogue the Covert (Spriggan Enchanter)              Turns: 12845, Time: 01:34:05

Health: 0/56       AC: 11    Str:  7    XL:     11   Next: 60%
Magic:  13/25      EV: 25    Int: 20    God:    Dithmenos [****..]
Gold:   754        SH:  0    Dex: 17    Spells: 12/28 levels left

rFire   . . .        Q - +3 dagger "Impbane" {flame, Will+ Str+3 Stlth-}
rCold   . . .        (no shield)
rNeg    . . .        I - +3 steam dragon scales
rPois   .            (helmet restricted)
rElec   .            j - +2 cloak
rCorr   .            (gloves unavailable)
SInv    +            (boots unavailable)
Will    +++..        t - amulet of regeneration
Stlth   ++++++       e - +5 ring of evasion
HPRegen 1.09/turn    (no ring)
MPRegen 0.19/turn

%: no passive effects
@: enlightened, flying (expiring), wreathed by umbra, studying Invocations, very
quick
A: very small, no large weapons, unfitting armour, see invisible, speed 3
a: Renounce Religion, Shadow Step


You were on level 10 of the Dungeon.
You worshipped Dithmenos.
Dithmenos was greatly pleased with you.
You visited 2 branches of the dungeon, and saw 11 of its levels.
You also visited: Bailey.

You collected 1896 gold pieces.
You spent 1142 gold pieces at shops.

Inventory:

Hand Weapons
 r - a +5 long sword
 s - a +4 quarterstaff of chaos
 H - a +0 shortbow
 N - a +1 orcbow of draining
 Q - the +3 dagger "Impbane" (weapon) {flame, Will+ Str+3 Stlth-}
   (You found it on level 10 of the Dungeon)

   Str+3:     It affects your strength (+3).
   Will+:     It increases your willpower.
   Stlth-:    It makes you less stealthy.
Missiles
 g - 3 throwing nets (quivered)
 l - 4 poisoned darts
 B - 6 boomerangs
 G - 2 atropa-tipped darts
Armour
 j - a +2 cloak (worn)
 A - a scarf of invisibility
 I - +3 steam dragon scales (worn)
 M - a +0 troll leather armour
Magical Staves
 D - a staff of death
 F - the staff "Fatyrob" {Drain +Blink rElec rF+ Fire}
   (You found it on level 8 of the Dungeon)

   [staff of fire]

   Base accuracy: +5 Base damage: 5 Base attack delay: 1.2 This weapon's minimum
   attack delay (0.6) is reached at skill level 12.
   rF+:       It protects you from fire.
   rElec:     It insulates you from electricity.
   +Blink:    It lets you blink.
   Drain:     It drains your maximum health when unequipped.
   Fire:      It increases the power of your Fire spells.
   It falls into the 'Staves' category.
   It is a two-handed weapon.
Jewellery
 e - a +5 ring of evasion (left hand)
 t - an amulet of regeneration (around neck)
Scrolls
 d - 2 scrolls of poison
 k - a scroll of revelation
 n - 4 scrolls of blinking
 o - 2 scrolls of silence
 p - a scroll of enchant weapon {unknown}
 q - a scroll of teleportation
 w - a scroll of vulnerability {unknown}
 y - a scroll of noise {unknown}
 E - a scroll of fear {unknown}
 R - a scroll of fog {unknown}
Potions
 a - a potion of resistance
 c - 3 potions of invisibility
 f - a potion of might {unknown}
 i - 5 potions of enlightenment
 m - 2 potions of lignification
 u - 6 potions of heal wounds
 v - 3 potions of haste
 z - 5 potions of mutation
 C - 2 potions of curing
 J - 2 potions of magic
 K - a potion of cancellation {unknown}
 L - a potion of experience {unknown}
 O - a potion of brilliance {unknown}
 P - a potion of ambrosia {unknown}


   Skills:
 * Level 5.2 Fighting
 * Level 8.0(8.1) Short Blades
 + Level 1.0(3.9) Long Blades
 + Level 1.4 Staves
 + Level 3.1 Throwing
 + Level 6.0 Dodging
 - Level 11.0 Stealth
 + Level 9.2 Spellcasting
 + Level 0.4 Conjurations
 * Level 10.7 Hexes
 * Level 4.8 Transmutations
 + Level 3.2 Ice Magic
 * Level 5.2 Invocations
 + Level 0.4 Evocations


You had 12 spell levels left.
You knew the following spells:

 Your Spells              Type           Power      Damage    Failure   Level
a - Ensorcelled Hibernat  Hex/Ice        74%        N/A       1%          2
b - Tukima's Dance        Hex            51%        N/A       1%          3
c - Confusing Touch       Hex            51%        N/A       1%          3
d - Dazzling Flash        Conj/Hex       62%        N/A       2%          3
e - Yara's Violent Unrav  Hex/Tmut       20%        3d9       9%          5

Your spell library contained the following spells:

 Spells                   Type           Power      Damage    Failure   Level
 Inner Flame              Hex/Fire       30%        N/A       2%          3
 Fulminant Prism          Conj/Hex       15%        3d10      8%          4
 Volatile Blastmotes      Fire/Tloc      18%        2d11      22%         3
 Silence                  Hex/Air        15%        N/A       22%         5
 Iskenderun's Mystic Bla  Conj/Tloc      10%        2d4       56%         4
 Enfeeble                 Hex            25%        N/A       61%         7
 Agony                    Necr           9%         N/A       91%         5
 Plasma Beam              Fire/Air       4%         2x1d14    100%        6
 Fire Storm               Conj/Fire      5%         8d1       100%        9


Dungeon Overview and Level Annotations

Branches:
Dungeon (10/15)            Temple (1/1) D:7            Lair (0/5) D:8
 Bailey (visited)
    Orc: D:9-12

Altars:
Ashenzari
Cheibriados
Dithmenos
Elyvilon
Fedhas
Gozag
Hepliaklqana
Kikubaaqudgha
Makhleb
Nemelex Xobeh
Okawaru
Qazlal
Ru
Sif Muna
Trog
Uskayaw
Vehumet
Wu Jian
Xom
Yredelemnul
Zin
The Shining One

Shops:
D:3 *   D:8 :   D:10 (*


Innate Abilities, Weirdness & Mutations

You are very small and have problems with some larger weapons.
You are too small for most types of armour.
You have supernaturally acute eyesight. (SInv)
You cover ground extremely quickly. (Speed+++)


Message History

Casting: Ensorcelled Hibernation (safe; 1% risk of failure)
Confirm with . or Enter, or press ? or * to list all spells.
Aiming: Ensorcelled Hibernation (safe; 1% risk of failure)
Press: ? - help, Shift-Dir - straight line, f - necromancer
Aim: a necromancer, wielding a +0 dagger and wearing a +0 robe (wandering, hasn't noticed you, umbra, chance to affect: 29%)
The necromancer shouts!
The necromancer easily resists.
The hell knight shouts!
The hell knight prays to its god.
The hell knight seems to speed up.
Casting: Ensorcelled Hibernation (safe; 1% risk of failure)
Confirm with . or Enter, or press ? or * to list all spells.
Casting: Dazzling Flash (dangerous; 2% risk of failure)
Press: ? - help, Dir - look around, f - activate A hell knight comes into view.
It is wielding a +5 demon trident of distortion.
The necromancer barely misses you.
A hell knight comes into view.
It is wielding a +3 scimitar of flaming.
The hell knight shouts!
The hell hound barks!
The hell knight utters an invocation to its god.
The hell knight seems to speed up.
The hell hound completely misses you.
The hell hound barks!
Casting: Dazzling Flash (dangerous; 2% risk of failure)
Confirm with . or Enter, or press ? or * to list all spells.
Aiming: Ensorcelled Hibernation (safe; 1% risk of failure)
Press: ? - help, Shift-Dir - straight line, f - hell hound
Aim: a hell hound (umbra, chance to affect: 64%)
The hell hound looks drowsy...
The helpless hell hound fails to defend itself.
You perforate the hell hound like a sieve!!!!
You kill the hell hound!
Dithmenos accepts your kill.
You are starting to lose your buoyancy.
A hell knight comes into view.
It is wielding a +4 broad axe of flaming.
The hell knight calls down the wrath of its god upon you.
The bolt of fire hits you!!!
Ouch! That really hurt!
You emit a cloud of dark smoke.
The hell knight moves out of view.
The hell knight completely misses you.
The hell knight hits you from afar with a +5 demon trident of distortion!!
You die...

### #.#.....[.........#.#
##.#######.#.####≈≈≈≈≈####...#
##...#........#...........#.#.#
##........####.#.#########.#.#.##
#.........## #.#.#.p. #....#
.........).###.#.#.# #..#.#
#..............#§§§# #.##.#
##........####.#§§§# #.##.#
##...#.######.#@§p# #.##.#
##.##........#§#p# #....#
#(#########.#§#.p.....# #.#..#
#.# #.#§######### #.##.# #.#
#.#§§§.ph.. #.#..# #.#####
#.#############.#.##
#.#...#####...............#.##
#.#.........#####......#.....#
#.#...#####................#..


You could see 2 hell knights.

Vanquished Creatures
  A two-headed ogre (D:9)
  5 trolls
  A vampire (D:10)
  A human (D:10)
  Eustachio (D:4)
  A wraith (D:9)
  19 yaks
  2 steam dragons (D:9)
  2 wyverns (D:8)
  A hog (D:10)
  2 vampire mosquitoes (D:8)
  5 hell hounds (D:10)
  An acid dragon (D:10)
  2 water moccasins (D:7)
  12 orc warriors
  2 ice beasts
  3 ogres
  3 centaurs
  A wolf (D:8)
  6 bullfrogs
  2 gnoll sergeants (D:8)
  3 scorpions
  8 wights
  13 killer bees
  2 electric eels (D:8)
  2 howler monkeys
  8 orc priests
  A gnoll bouda (D:7)
  9 hounds
  3 jellies
  2 iguanas
  6 orc wizards
  4 adders
  16 gnolls
  A shadow imp (D:7)
  An ufetubus (D:5)
  A worm (D:5)
  A dart slug (D:3)
  78 orcs
  8 endoplasms
  2 giant cockroaches
  12 goblins
  10 hobgoblins
  2 jackals (D:1)
  6 kobolds
  2 quokkas
  5 ball pythons
  A bat (D:3)
  11 frilled lizards
  5 rats
296 creatures vanquished.

Vanquished Creatures (collateral kills)
  2 orc warriors
  An ogre (D:9)
  7 wights
  Crazy Yiuf (D:3)
  5 gnolls
  7 orcs
  An endoplasm (D:4)
  2 goblins (D:9)
26 creatures vanquished.

Vanquished Creatures (others)
  14 dancing weapons
  A human (D:3)
  An orc (D:10)
16 creatures vanquished.

Grand Total: 338 creatures vanquished

Notes
Turn   | Place    | Note
-------+----------+-------------------------------------------
     0 | D:1      | Rogue the Spriggan Enchanter began the quest for the Orb.
     0 | D:1      | Reached XP level 1. HP: 9/9 MP: 5/5
   271 | D:1      | Reached XP level 2. HP: 8/13 MP: 6/6
   843 | D:2      | Reached XP level 3. HP: 17/17 MP: 8/8
   846 | D:2      | Learned a level 2 spell: Ensorcelled Hibernation
   850 | D:2      | Learned a level 3 spell: Tukima's Dance
  1061 | D:2      | Reached skill level 1 in Fighting
  1144 | D:2      | Found a faded altar of an unknown god.
  1722 | D:3      | Reached skill level 5 in Stealth
  1746 | D:3      | Found an ancient bone altar of Kikubaaqudgha.
  1747 | D:3      | Noticed a human
  1749 | D:3      | Killed a human
  2091 | D:3      | Found Uxiemewo's General Store.
  2094 | D:3      | Bought a potion of curing for 39 gold pieces
  2094 | D:3      | Bought a potion of curing for 39 gold pieces
  2397 | D:3      | Found a runed translucent door.
  2398 | D:3      | Noticed Crazy Yiuf
  2641 | D:3      | Reached XP level 4. HP: 22/22 MP: 6/9
  2811 | D:3      | Killed Crazy Yiuf
  2977 | D:4      | Noticed Eustachio
  3122 | D:4      | Reached XP level 5. HP: 25/25 MP: 4/10
  3348 | D:4      | Reached skill level 1 in Throwing
  3348 | D:4      | Reached skill level 6 in Stealth
  3411 | D:4      | Reached skill level 5 in Hexes
  3411 | D:4      | Reached XP level 6. HP: 25/30 MP: 6/12
  4022 | D:4      | Learned a level 3 spell: Confusing Touch
  4026 | D:4      | Learned a level 3 spell: Dazzling Flash
  4052 | D:4      | Killed Eustachio
  4104 | D:5      | Entered Level 5 of the Dungeon
  4186 | D:3      | Bought a potion of haste for 130 gold pieces
  4443 | D:5      | Reached XP level 7. HP: 33/35 MP: 3/13
  4635 | D:5      | Reached skill level 1 in Ice Magic
  4727 | D:5      | Found an ornate altar of the Wu Jian Council.
  4729 | D:5      | Found a shimmering blue altar of Sif Muna.
  5530 | D:5      | Reached skill level 7 in Stealth
  5814 | D:6      | Reached XP level 8. HP: 39/39 MP: 15/15
  6084 | D:6      | Reached skill level 5 in Spellcasting
  6209 | D:6      | Got the Parchment of Electric Ignition
  6290 | D:7      | Reached skill level 5 in Short Blades
  6290 | D:7      | Reached skill level 8 in Stealth
  6872 | D:7      | Reached skill level 9 in Stealth
  7102 | D:7      | Reached XP level 9. HP: 45/45 MP: 18/18
  7185 | D:7      | Found a staircase to the Ecumenical Temple.
  7201 | Temple   | Entered the Ecumenical Temple
  7292 | Temple   | Became a worshipper of Dithmenos the Shadowed
  7868 | D:8      | Reached skill level 1 in Invocations
  7871 | D:8      | Reached skill level 10 in Stealth
  8186 | D:8      | Identified the staff "Fatyrob" {Drain +Blink rElec rF+
                  | Fire}
  8252 | D:8      | Reached * piety under Dithmenos
  8326 | D:8      | Found a staircase to the Lair.
  8335 | D:8      | Noticed a troll
  8479 | D:8      | Reached XP level 10. HP: 51/51 MP: 7/21
  8593 | D:8      | Found Zaluam's Vocational Training.
  9104 | D:8      | Reached skill level 5 in Dodging
  9288 | D:8      | Identified the +7 battleaxe "Arbiter" {elec, Dex+5}
  9554 | D:9      | Reached skill level 11 in Stealth
  9639 | D:9      | Found a flagged portal.
  9654 | D:9      | Reached ** piety under Dithmenos
  9657 | Bailey   | Entered a bailey
  9669 | Bailey   | Learned a level 5 spell: Yara's Violent Unravelling
 10045 | Bailey   | Acquired 1240 gold pieces
 10128 | D:8      | Bought a manual of Invocations for 880 gold pieces
 10810 | D:9      | Noticed a two-headed ogre
 10817 | D:9      | Killed a two-headed ogre
 10818 | D:9      | Reached skill level 1 in Staves
 11089 | D:9      | Reached XP level 11. HP: 52/54 MP: 20/24
 11138 | D:9      | Reached skill level 5 in Fighting
 11244 | D:9      | Reached skill level 10 in Hexes
 11246 | D:9      | Reached skill level 1 in Long Blades
 11437 | D:9      | Reached *** piety under Dithmenos
 11763 | D:10     | Entered Level 10 of the Dungeon
 12019 | D:10     | Found a burning altar of Makhleb.
 12021 | D:10     | Found a shimmering altar of Xom.
 12078 | D:10     | Found Ybehel's Assorted Antiques.
 12083 | D:10     | Bought a clear potion for 27 gold pieces
 12083 | D:10     | Bought a golden potion for 27 gold pieces
 12168 | D:10     | Found Reurchint's Weapon Boutique.
 12181 | D:10     | Reached skill level 5 in Invocations
 12295 | D:10     | Identified the +3 dagger "Impbane" {flame, Will+ Str+3
                  | Stlth-}
 12535 | D:10     | Reached **** piety under Dithmenos
 12829 | D:10     | Noticed a necromancer
 12834 | D:10     | Noticed a hell knight
 12836 | D:10     | Noticed a hell knight
 12840 | D:10     | Noticed a hell knight
 12842 | D:10     | Noticed a hell knight
 12845 | D:10     | Slain by a hell knight

Illustrated notes

Levels and vault maps discovered:
D:1:      dpeg_arrival_rooms_with_view, layout_basic
D:2:      layout_basic, ebering_ecumenical_altar_petrified, minmay_lizard_king
D:3:      layout_loops_corners, tgw_kikubaaqudgha, serial_shops,
          nicolae_shop_tiny_real_fake_doors, st_stairs_1,
          uniq_crazy_yiuf_cottage
D:4:      layout_basic, uniq_eustachio
D:5:      layout_loops_cross, minitemple, grunt_decor_mini_mirrors,
          kennysheep_opposing_triangles
D:6:      layout_rooms
D:7:      layout_loops_ring, minmay_temple_entry_purple_smoke
D:8:      layout_cave_pods, erik_lair_island, nicolae_shop_vocational
D:9:      layout_small_grid, enter_bailey_5, special_room [special_room_orc],
          st_stairs_9
D:10:     layout_loops_ring, mainiacjoe_overflow_alcove_1, bloody_makhleb,
          serial_shops, nicolae_shop_tiny_glass, shop, special_room
          [special_room_orc], grunt_livestock, minmay_rotating_lava
Temple:   minmay_temple_bridge_d

Skill      XL: |  1  2  3  4  5  6  7  8  9 10 11 |
---------------+----------------------------------+-----
Hexes          | 4 5 6 7 8 9 10 | 10.7
Fighting       | 1 2 3 4 5 |  5.2
Stealth        | 5 6 7 9 10 11 | 11.0
Short Blades   | 2 3 4 5 6 7 8 |  8.0
Spellcasting   | 3 4 5 6 8 9 |  9.2
Throwing       | 1 2 3 |  3.1
Dodging        | 3 4 5 6 |  6.0
Ice Magic      | 1 2 3 |  3.2
Invocations    | 2 3 5 |  5.2
Transmutations | 2 4 |  4.8
Staves         | 1 |  1.4
Long Blades    | 1 |  1.0
Conjurations   | |  0.4
Evocations     | |  0.4

Action                     |  1- 3 |  4- 6 |  7- 9 | 10-12 || total
---------------------------+-------+-------+-------+-------++-------
  Melee: Rapier            |    24 |       |       |       ||    24
         Dagger            |    77 |    55 |   216 |   343 ||   691
         Punch             |       |     2 |     6 |     7 ||    15
         Quarterstaff      |       |     3 |       |    16 ||    19
         Long sword        |       |     2 |       |    12 ||    14
  Throw: Dart              |    14 |     9 |    29 |    18 ||    70
         Throwing net      |       |       |     1 |     1 ||     2
   Cast: Ensorcelled Hiber |     9 |    14 |    45 |    76 ||   144
         Tukima's Dance    |       |    11 |    24 |    37 ||    72
         Confusing Touch   |       |     2 |     9 |    10 ||    21
         Dazzling Flash    |       |       |    17 |    20 ||    37
         Yara's Violent Un |       |       |       |     1 ||     1
  Evoke: Wand              |       |       |    17 |     2 ||    19
    Use: Potion            |       |       |     3 |     1 ||     4
         Scroll            |       |       |       |    18 ||    18
   Stab: Sleeping          |    21 |    12 |    53 |    73 ||   159
         Distracted        |     1 |       |       |     4 ||     5
         Confused          |       |     3 |     6 |     8 ||    17
         Invisible         |       |       |     5 |    15 ||    20
         Held in net/web   |       |       |     1 |       ||     1
         Paralysed         |       |       |       |     1 ||     1
 Armour: Robe              |    15 |    34 |    46 |    15 ||   110
         Steam dragon scal |       |       |       |    65 ||    65
  Dodge: Dodged            |    50 |    74 |   122 |   263 ||   509

Table legend: (Time is in decaauts)
 A = Elapsed time spent in this place.
 B = Non-inter-level travel time spent in this place.
 C = Inter-level travel time spent in this place.
 D = Time resting spent in this place.
 E = Time spent auto-exploring this place.
 F = Levels seen in this place.
 G = Mean time per level.
                   A        B        C        D        E       F      G
               +--------+--------+--------+--------+--------+-----+--------+
         Total |   9410 |   8800 |    610 |    133 |   6235 |  12 |  784.2 |
       Dungeon |   9031 |   8501 |    530 |    133 |   6212 |  10 |  903.1 |
        Temple |    106 |     26 |     80 |      0 |     23 |   1 |  106.0 |
        Bailey |    273 |    273 |      0 |      0 |      0 |   1 |  273.0 |
               +--------+--------+--------+--------+--------+-----+--------+

Top non-repeatable levels by time:
     D:8: 1427 daAuts
     D:9: 1255 daAuts
     D:7: 1105 daAuts
     D:5: 1016 daAuts
     D:4: 956 daAuts
     D:3: 895 daAuts
    D:10: 781 daAuts
     D:2: 627 daAuts
     D:1: 528 daAuts
     D:6: 437 daAuts
  Bailey: 273 daAuts
  Temple: 106 daAuts
